Map: Ulrena

Players

MoDo

  • Race: Zerg Zerg
  • League: Grandmaster

State - Winner!

  • Race: Protoss Protoss
  • League: Grandmaster

VOD

Have the link to the VOD?

Description

Time

  • Played on: Dec. 28, 2015, 1:33 a.m.
  • Length: 12:45
Show
View Real Time Build Order
Export as new Build Order

MoDo Zerg 

Build Orders: Hatch First 

Get SALT Encoding   

  12  0:02  Drone  
  13  0:13  Overlord  
  13  0:17  Drone  
  14  0:31  Drone x2  
  14  0:35  Drone  
  17  0:53  Hatchery  
  17  0:56  Drone  
  17  0:59  Drone  
  17  1:02  Extractor  
  17  1:08  Drone  
  18  1:20  Spawning Pool  
  18  1:21  Drone  
  18  1:29  Drone  
  19  1:39  Overlord  
  19  1:55  Drone  
  20  2:03  Drone  
  20  2:06  Metabolic Boost, Queen  
  20  2:07  Queen  
  25  2:11  Drone  
  25  2:13  Drone  
  27  2:16  Drone  
  28  2:30  Roach Warren  
  28  2:31  Drone  
  28  2:32  Extractor  
  28  2:34  Drone  
  28  2:35  Drone  
  29  2:39  Drone  
  29  2:43  Drone  
  31  2:54  Overlord  
  31  2:55  Overlord  
  31  3:11  Roach x2  
  35  3:16  Roach x4  
  35  3:19  Overlord  
  43  3:24  Zergling x4  
  45  3:27  Zergling x2  
  45  3:31  Zergling x2  
  45  3:32  Ravager  
  45  3:34  Ravager  
  49  3:36  Zergling x2  
  49  3:37  Zergling x2  
  51  3:44  Ravager  
  52  3:50  Zergling x10  
  57  3:56  Ravager  
  57  3:57  Overlord  
  52  4:17  Zergling x12  
  52  4:18  Zergling x4  
  51  4:43  Drone x5  
  45  4:55  Drone x2  
  47  5:06  Lair  
  44  5:07  Drone x2  
  44  5:13  Hatchery  
  43  5:18  Drone x7  
  47  5:25  Spore Crawler  
  47  5:27  Spore Crawler  
  45  5:29  Overlord  
  44  5:38  Evolution Chamber  
  44  5:41  Evolution Chamber  
  42  5:44  Drone x4  
  46  5:50  Spore Crawler  
  46  5:54  Spore Crawler  
  44  5:57  Spore Crawler, Drone  
  42  6:04  Drone x3  
  42  6:05  Extractor x2  
  42  6:06  Zerg Missile Weapons Level 1  
  42  6:11  Queen  
  42  6:17  Drone  
  44  6:20  Overlord  
  44  6:21  Overlord  
  44  6:22  Drone  
  45  6:28  Hydralisk Den  
  45  6:30  Drone x3  
  45  6:31  Drone  
  45  6:32  Drone  
  48  6:35  Drone x2  
  50  6:45  Spore Crawler  
  48  6:58  Hydralisk x4, Muscular Augments  
  56  7:03  Roach x2  
  56  7:05  Roach  
  60  7:09  Roach  
  60  7:14  Roach  
  64  7:31  Drone x2  
  64  7:33  Hydralisk  
  64  7:34  Hydralisk x2  
  72  7:38  Hydralisk  
  72  7:44  Overlord  
  74  7:45  Overlord  
  73  8:02  Hydralisk x3  
  73  8:03  Hydralisk  
  71  8:06  Hydralisk  
  71  8:08  Hydralisk  
  71  8:10  Hydralisk  
  76  8:14  Hydralisk  
  76  8:18  Hydralisk  
  80  8:22  Ravager x4  
  84  8:27  Hydralisk  
  84  8:37  Hydralisk  
  84  8:38  Hydralisk x2  
  90  8:43  Overlord  
  90  8:44  Overlord  
  90  8:48  Overlord  
  90  9:01  Overlord, Hydralisk  
  90  9:02  Hydralisk x2  
  96  9:05  Ravager  
  97  9:10  Hydralisk x2  
  93  9:24  Roach  
  93  9:25  Roach x3  
  93  9:27  Overseer  
  93  9:30  Drone x4  
  102  9:51  Hydralisk x6  
  102  9:53  Ravager x2  
  104  10:05  Roach  
  104  10:06  Roach x4  
  104  10:09  Ravager  
  104  10:10  Drone x2  
  104  10:13  Extractor x2  
  105  10:15  Drone x2  
  107  10:26  Drone x6  
  90  10:48  Queen  
  92  10:54  Drone  
  93  10:57  Drone  
  93  10:58  Hydralisk x2, Infestation Pit  
  93  11:00  Ravager x5  
  93  11:02  Hatchery  
  101  11:05  Hydralisk x2  
  105  11:19  Zergling x2  
  106  11:33  Spore Crawler  
  106  11:39  Roach x6  
  119  11:40  Roach  
  118  12:01  Roach x2  
  122  12:02  Overlord  
  122  12:03  Overlord x3  
Show
View Real Time Build Order
Export as new Build Order

State Protoss - Winner!

Build Orders: 1 Gate Expand, Phoenix Opening 

Get SALT Encoding   

  12  0:02  Probe (Chrono Boost)  
  13  0:12  Probe (Chrono Boost)  
  14  0:21  Pylon  
  14  0:23  Probe (Chrono Boost)  
  15  0:39  Gateway  
  15  0:41  Probe (Chrono Boost)  
  16  0:47  Assimilator  
  16  0:52  Probe (Chrono Boost)  
  17  1:02  Probe (Chrono Boost)  
  18  1:13  Probe (Chrono Boost)  
  19  1:23  Nexus  
  19  1:26  Probe (Chrono Boost)  
  20  1:36  Cybernetics Core  
  20  1:39  Probe (Chrono Boost)  
  21  1:43  Assimilator  
  21  1:49  Probe (Chrono Boost)  
  21  1:53  Pylon  
  22  2:00  Probe (Chrono Boost)  
  23  2:11  Probe (Chrono Boost)  
  23  2:13  Adept, Warp Gate  
  26  2:22  Probe (Chrono Boost)  
  27  2:32  Probe (Chrono Boost)  
  27  2:35  Probe (Chrono Boost)  
  29  2:41  Pylon, Stargate  
  29  2:43  Probe (Chrono Boost)  
  30  2:45  Probe (Chrono Boost)  
  31  2:53  Probe (Chrono Boost)  
  34  2:58  Mothership Core (Chrono Boost)  
  34  3:04  Probe (Chrono Boost)  
  35  3:07  Gateway  
  35  3:09  Gateway  
  35  3:14  Probe (Chrono Boost)  
  35  3:17  Probe (Chrono Boost)  
  37  3:24  Phoenix (Chrono Boost)  
  37  3:25  Probe  
  37  3:26  Probe  
  40  3:30  Assimilator  
  40  3:32  Assimilator  
  41  3:37  Probe x2  
  43  3:41  Pylon  
  43  3:46  Phoenix (Chrono Boost)  
  43  3:48  Probe  
  45  3:49  Probe  
  47  3:58  Probe, Forge  
  47  4:01  Probe, Pylon  
  49  4:09  Pylon  
  43  4:30  Adept  
  43  4:31  Probe  
  44  4:32  Probe  
  41  4:39  Phoenix (Chrono Boost)  
  41  4:41  Probe  
  41  4:44  Probe  
  39  4:53  Pylon  
  39  4:57  Adept  
  39  4:58  Probe, Pylon  
  37  5:00  Probe  
  38  5:09  Phoenix (Chrono Boost)  
  38  5:10  Probe  
  42  5:16  Probe  
  42  5:18  Sentry  
  41  5:22  Probe  
  41  5:26  Sentry x2  
  41  5:27  Probe  
  46  5:35  Phoenix (Chrono Boost)  
  49  5:39  Probe x2  
  51  5:50  Probe  
  51  5:51  Probe  
  53  6:01  Probe  
  53  6:03  Probe, Phoenix (Chrono Boost)  
  57  6:11  Probe  
  57  6:15  Probe  
  59  6:18  Protoss Ground Weapons Level 1  
  59  6:22  Probe  
  60  6:27  Phoenix (Chrono Boost)  
  62  6:35  Pylon  
  62  6:37  Pylon  
  62  6:47  Robotics Facility  
  62  6:52  Probe  
  62  6:53  Probe  
  66  6:54  Phoenix (Chrono Boost)  
  66  6:58  Twilight Council  
  66  7:02  Probe  
  66  7:06  Probe  
  68  7:11  Adept x2  
  68  7:12  Adept  
  68  7:13  Probe  
  75  7:18  Probe  
  76  7:31  Nexus  
  76  7:32  Probe  
  76  7:35  Probe  
  78  7:40  Robotics Bay  
  78  7:49  Pylon  
  78  7:51  Resonating Glaives (Chrono Boost)  
  78  7:52  Pylon  
  78  8:00  Observer  
  78  8:04  Probe, Protoss Ground Weapons Level 2  
  78  8:06  Probe  
  78  8:08  Phoenix (Chrono Boost)  
  81  8:15  Gateway  
  81  8:16  Probe  
  81  8:17  Gateway, Probe  
  83  8:28  Probe  
  83  8:29  Disruptor (Chrono Boost)  
  83  8:30  Probe  
  88  8:40  Probe  
  89  8:42  Probe  
  89  8:47  Probe  
  90  8:52  Probe  
  90  8:53  Adept x3  
  98  8:58  Gateway  
  98  9:03  Probe x2  
  98  9:05  Disruptor (Chrono Boost)  
  103  9:10  Probe, Blink  
  103  9:15  Probe  
  105  9:28  Probe x2  
  105  9:29  Adept  
  109  9:37  Pylon  
  109  9:38  Pylon  
  109  9:42  Pylon  
  109  9:55  Disruptor (Chrono Boost), Pylon  
  109  9:57  Pylon  
  109  9:59  Gateway x2, Pylon  
  112  10:02  Gateway  
  112  10:04  Pylon  
  110  10:10  Adept x3  
  116  10:15  Assimilator  
  116  10:20  Pylon, Photon Cannon  
  116  10:26  Disruptor (Chrono Boost)  
  119  10:33  Adept  
  119  10:34  Adept x5  
  125  10:53  Assimilator  
  128  10:57  Disruptor (Chrono Boost)  
  128  10:58  Gateway x2  
  128  10:59  Stalker  
  128  11:00  Stalker x5  
  140  11:19  Stalker x3  
  144  11:27  Mothership Core  
  146  11:35  Warp Prism (Chrono Boost)  
  146  11:36  Stalker x6  
  160  12:04  Stalker  
  160  12:05  Stalker x5  
  160  12:06  Observer (Chrono Boost)  
  159  12:40  Stalker x4  
  159  12:41  Stalker x6  
Tags
 
Add a new tag
Caveats
  • Supply blocks, unpowered buildings, or Contaminate may cause inaccurate times.
  • Supply counts are checked every 10 seconds.